 Dungeon Crawl Stone Soup version 0.18-a0-1554-g49b38aa (webtiles) character file.

36 DarthRa the Ruffian (level 3, -8/36 HPs)
             Began as a Troll Monk on Mar 12, 2016.
             Shot with an arrow of flame by a centaur (11 damage)
             ... on level 4 of the Dungeon.
             The game lasted 00:03:42 (346 turns).

DarthRa the Ruffian (Troll Monk)                     Turns: 346, Time: 00:03:42

Health: -8/36      AC:  6    Str: 19    XL:     3   Next: 19%
Magic:  2/2        EV: 10    Int:  6    God:
Gold:   51         SH:  0    Dex: 13    Spells: 0 memorised, 2 levels left

rFire  + . .     SeeInvis .       - Unarmed
rCold  x . .     Gourm    +     a - +1 robe
rNeg   . . .     Faith    .     (no shield)
rPois  .         Spirit   .     (helmet restricted)
rElec  .         Dismiss  .     (no cloak)
rCorr  .         Reflect  .     (gloves unavailable)
SustAt .         Harm     .     (boots unavailable)
MR     .....                    (no amulet)
Stlth  ++........               (no ring)
                                g - ring of fire

@: not resistant to hostile enchantments, unstealthy
A: unfitting armour, claws 3, fast metabolism 3, gourmand, regeneration 2,
shaggy fur 1, tough skin 2
a: no special abilities


You were on level 4 of the Dungeon.
You were not hungry.

You visited 1 branch of the dungeon, and saw 4 of its levels.

You collected 51 gold pieces.

Inventory:

Missiles
 e - 2 stones (quivered)
Armour
 a - a +1 robe (worn)
Jewellery
 g - a ring of fire (left claw)
Scrolls
 h - a scroll of identify
Potions
 d - a potion of curing
Comestibles
 b - 3 bread rations
 c - a meat ration
 f - a chunk of flesh


   Skills:
 - Level 2.4 Fighting
 - Level 2.4 Dodging
 - Level 1.6 Stealth
 + Level 4.7 Unarmed Combat


You had 2 spell levels left.
You didn't know any spells.

Dungeon Overview and Level Annotations

Branches:
Dungeon (4/15)
 Temple: D:4-7

Altars:
Fedhas
Gozag

Portals:
Sewer: D:3

Annotations:
D:4 Pikel


Innate Abilities, Weirdness & Mutations

You are too large for most types of armour.
You have claws for hands.
Your metabolism is lightning-fast.
You like to eat raw meat.
You heal very quickly.
You are covered in fur (AC +1).
You have very tough skin (AC +2).


Message History

The centaur shoots an arrow of flame.
The arrow of flame misses you.
Your magical contamination has completely faded away.
You see here an arrow of flame.
The centaur shoots an arrow of flame.
The arrow of flame hits you.
* * * LOW HITPOINT WARNING * * *
The arrow of flame burns you.
* * * LOW HITPOINT WARNING * * *
You see here an arrow of flame.
Something hits the bush but does no damage.
Something hits the bush but does no damage.
Something hits the bush!
The centaur wields a shortbow.
The centaur shoots an arrow of flame.
The arrow of flame hits you!
* * * LOW HITPOINT WARNING * * *
The arrow of flame burns you.
* * * LOW HITPOINT WARNING * * *
You see here an arrow of flame.
The centaur shoots an arrow of flame.
The arrow of flame closely misses you.
The centaur shoots an arrow of flame.
The arrow of flame hits you!
You die...

#...#K.........
#...PPP.#.####
#..PP..(#.#
##.PP_PP(#.#
#..PPPcP..(#
#...PPPPK(##
#........(#
#..#.####(#
#.@.# #o# ###(#
#.# #p# #p# #p#
#p# #p# #.#
#.####.#
#.o.pp.#
########


You could see Pikel, 3 slaves, a centaur and an orc.

Vanquished Creatures
  2 adders (D:3)
  A giant gecko (D:1)
  4 goblins
  2 hobgoblins (D:1)
  2 bats
  4 giant newts
  A kobold (D:1)
  3 rats
19 creatures vanquished.

Notes
Turn   | Place    | Note
--------------------------------------------------------------
     0 | D:1      | DarthRa the Troll Monk began the quest for the Orb.
     0 | D:1      | Reached XP level 1. HP: 22/22 MP: 0/0
    61 | D:1      | Reached XP level 2. HP: 29/29 MP: 1/1
   168 | D:3      | Found a glowing drain.
   180 | D:3      | Found an opulent altar of Gozag.
   245 | D:3      | Reached XP level 3. HP: 27/36 MP: 2/2
   297 | D:4      | Noticed a slave
   297 | D:4      | Noticed a slave
   297 | D:4      | Noticed Pikel
   297 | D:4      | Noticed a slave
   299 | D:4      | Noticed a slave
   322 | D:4      | Found a blossoming altar of Fedhas.
   324 | D:4      | Noticed a centaur
   346 | D:4      | Shot with an arrow of flame by a centaur

Vault maps used:
D:1:      tarquinn_simple_flora_water_d
D:2:      wad_lake_hut, cheibriados_altar_1, first_bread, uniq_sigmund
D:3:      kennysheep_six_static_rooms, old_standard_altar,
          grunt_gozag_breadcrumbs, gup_sewer_entry_glass, ecumenical_altar_1
D:4:      fedhas_bush_and_centaur_altar, uniq_pikel

Action                   || total
-------------------------++-------
Melee: Unarmed           ||    42
Throw: Stone             ||     3
  Use: Scroll            ||     5
 Stab: Sleeping          ||     1
  Eat: Chunk             ||     2
